AoeStats
← Reis

Nomad

505828196Analyzed
4v4 RM · 22d ago on Sep 11, 2026· 25m 23s· 8 players
Game mode
Random Map
Map size
231×231
Population
200
Speed
Normal
Resources
Standard
Victory
Conquest
Starting age
Dark Age
Ending age
Imperial Age
RankedLock teamsTeams togetherTeam positionsShared explorationLock speedFull tech treeHidden civsTurbo modeCheats
Victory
Defeat
🇲🇽 Persians · Mexico
1479
+14
🇨🇭 Dravidians · Switzerland
1472
+14
🇮🇳 Malians · India
1418
+16
🇹🇼 Mongols · Taiwan
1367
+18
🇩🇪 Vietnamese · Germany
1468
-17
🇨🇭 Bulgarians · Switzerland
1421
-15
🇳🇱 Portuguese · Netherlands
1420
-15
🇺🇸 Koreans · United States
1401
-15
Rien
6:23 Loom
14:14 Feudal Age
14:41 Double-Bit Axe
15:36 Fishing Lines
17:41 Wheelbarrow
21:01 Castle Age
19:17 Gold Mining
23:57 Sanctity
23:47 Fervor
24:05 Redemption
24:21 Hand Cart
Reis
6:11 Loom
13:28 Feudal Age
17:53 Castle Age
17:13 Double-Bit Axe
Laggy
10:30 Loom
12:25 Feudal Age
16:54 Castle Age
16:21 Double-Bit Axe
Tsunade
7:05 Loom
14:24 Feudal Age
15:32 Double-Bit Axe
18:15 Castle Age
16:20 Horse Collar
16:34 Stone Mining
19:08 Bow Saw
19:00 Heavy Plow
22:53 Town Watch
24:40 Gold Mining
25:33 Wheelbarrow
VX | El Venenudo
13:57 Feudal Age
16:01 Fletching
18:20 Castle Age
16:19 Double-Bit Axe
16:35 Fishing Lines
17:10 Horse Collar
19:15 Bow Saw
19:08 Gillnets
19:22 Bodkin Arrow
20:20 Medium Warships
22:50 Wheelbarrow
23:31 Loom
24:03 Hand Cart
24:11 Gold Mining
五花馬肉乾妹妹
7:10 Loom
13:00 Feudal Age
16:50 Castle Age
16:11 Fletching
17:53 Bodkin Arrow
18:43 Padded Archer Armor
18:33 Double-Bit Axe
21:46 Gold Mining
23:11 Ballistics
ImperialSheep
5:35 Loom
11:55 Feudal Age
16:55 Castle Age
16:23 Bloodlines
16:20 Scale Barding Armor
19:23 Chain Barding Armor
22:24 Husbandry
25:15 Devotion
Grumpy
7:02 Loom
13:36 Feudal Age
17:19 Castle Age
15:13 Double-Bit Axe
15:42 Fletching
16:11 Gold Mining
18:00 Bodkin Arrow
18:16 Bow Saw
20:31 Medium Warships
22:30 Town Watch
23:21 Wheelbarrow
Connection lost

Rejoining the realm…

Still unreachable

The connection could not be restored.

Session expired

The server has moved on; the page needs a fresh start.